Map: Ever Dream LE

Players

Robbie (Rob)

  • Race: Protoss Protoss
  • League: Grandmaster
  • Spawn Location: 7:00

Vindicta - Winner!

  • Race: Terran Terran
  • League: Master
  • Spawn Location: 1:00

Event: The Miserable Cup

VOD

Have the link to the VOD?

Description

Time

  • Played on: June 18, 2020, 10:22 a.m.
  • Length: 24:51

All games in this series

Show
View Real Time Build Order
Export as new Build Order

Robbie Protoss 

Build Orders: 1 Gate Expand, Blink Stalkers 

Get SALT Encoding   

  12  0:00  Probe  
  13  0:12  Probe  
  14  0:17  Pylon  
  14  0:24  Probe  
  15  0:32  Probe  
  15  0:37  Gateway  
  15  0:40  Probe  
  17  0:51  Probe  
  17  0:52  Assimilator  
  18  1:03  Probe  
  19  1:15  Probe  
  20  1:28  Nexus  
  20  1:32  Probe, Cybernetics Core  
  21  1:40  Probe  
  21  1:41  Assimilator  
  22  1:51  Pylon  
  22  1:53  Probe  
  22  1:59  Adept  
  23  2:09  Probe  
  23  2:10  Warp Gate  
  26  2:21  Probe  
  27  2:29  Stalker  
  29  2:33  Probe  
  30  2:40  Probe  
  30  2:46  Twilight Council, Robotics Facility  
  30  2:53  Probe  
  30  2:54  Probe  
  32  3:01  Probe  
  32  3:04  Probe  
  33  3:09  Probe  
  33  3:10  Blink  
  33  3:12  Probe, Gateway  
  34  3:18  Gateway  
  36  3:20  Probe x2  
  38  3:33  Probe  
  39  3:34  Probe  
  39  3:39  Warp Prism  
  40  3:42  Gateway  
  40  3:54  Probe x2  
  44  3:57  Pylon  
  44  4:01  Stalker  
  46  4:10  Pylon  
  46  4:15  Stalker  
  46  4:16  Stalker  
  50  4:21  Pylon  
  50  4:25  Stalker  
  50  4:27  Pylon  
  50  4:29  Observer  
  53  4:39  Probe  
  53  4:42  Stalker x3  
  60  4:48  Stalker  
  62  4:53  Pylon  
  62  5:04  Nexus  
  60  5:24  Stalker x4, Pylon  
  60  5:26  Probe x2  
  70  5:29  Charge  
  70  5:31  Gateway  
  68  5:43  Probe x2  
  68  5:48  Gateway  
  70  5:52  Gateway  
  70  5:53  Gateway  
  70  5:55  Probe  
  70  5:56  Probe  
  72  6:05  Probe, Gateway  
  72  6:07  Gateway  
  73  6:11  Forge  
  73  6:12  Probe  
  73  6:14  Probe  
  73  6:16  Forge  
  73  6:18  Probe  
  76  6:24  Probe  
  76  6:26  Probe  
  76  6:30  Probe  
  79  6:46  Probe  
  79  6:47  Probe x2, Stalker  
  64  6:48  Stalker x5  
  64  6:54  Zealot x2  
  80  7:09  Zealot x2  
  80  7:13  Stalker x3  
  80  7:14  Zealot x4  
  98  7:19  Zealot  
  100  7:37  Zealot x4  
  104  7:42  Pylon  
  104  7:43  Pylon  
  108  7:44  Pylon  
  92  7:54  Stalker x5  
  92  7:56  Zealot  
  86  8:11  Zealot x4  
  94  8:14  Assimilator  
  94  8:15  Pylon  
  94  8:17  Zealot x6  
  102  8:27  Protoss Ground Armor Level 1  
  102  8:28  Protoss Ground Weapons Level 1  
  102  8:34  Zealot x4  
  100  8:37  Zealot x6  
  88  9:11  Stalker x4  
  88  9:12  Zealot x6  
  108  9:24  Nexus  
  108  9:35  Warp Prism  
  108  9:39  Stalker x3, Zealot x3  
  118  9:47  Zealot x3  
  118  9:51  Pylon  
  124  9:58  Stalker  
  126  10:01  Zealot x3  
  132  10:18  Zealot x5  
  134  10:38  Stalker x6  
  134  10:40  Unknown  
  134  10:55  Zealot x4  
  142  11:00  Zealot  
  142  11:01  Zealot x5  
  154  11:11  Zealot x2  
  112  11:26  Dark Shrine  
  112  11:27  Zealot x8  
  128  11:35  Shield Battery  
  128  11:38  Shield Battery  
  128  11:39  Zealot x2  
  132  11:47  Zealot x7  
  132  11:50  Zealot  
  138  12:21  Protoss Ground Weapons Level 2, Protoss Ground Armor Level 2  
  138  12:22  Zealot x5  
  138  12:23  Stalker x5  
  138  12:47  Zealot x10  
  156  13:07  Dark Templar  
  156  13:12  Zealot x3, Dark Templar  
  150  13:13  Zealot x5  
  112  13:37  Dark Templar  
  102  13:43  Zealot x8  
  94  14:10  Stalker  
  94  14:11  Stalker x7  
  94  14:12  Zealot x2  
  110  14:35  Zealot x5  
  110  14:36  Zealot x5  
  130  15:03  Stalker x4  
  138  15:14  Stalker x6  
  150  15:25  Pylon  
  150  15:30  Pylon  
  150  15:32  Dark Templar  
  150  15:33  Dark Templar x2  
  156  15:37  Pylon  
  156  15:38  Archon  
  152  15:52  Dark Templar x4  
  160  16:05  Zealot x6  
  160  16:08  Pylon  
  172  16:14  Archon x2  
  168  16:28  Zealot x10  
  87  16:51  Zealot x9  
  87  16:52  Zealot  
  83  17:19  Stalker x8  
  95  17:38  Nexus  
  95  17:43  Protoss Ground Armor Level 3  
  95  17:47  Protoss Ground Weapons Level 3  
  95  18:01  Stalker x6  
  99  18:27  Dark Templar  
  101  18:36  Zealot x4  
  107  18:52  Zealot x4  
  113  18:59  Zealot x2  
  115  19:13  Zealot x5  
  115  19:16  Stalker  
  123  19:25  Dark Templar x2  
  123  19:30  Zealot x2  
  131  19:40  Zealot x4  
  139  19:51  Zealot x4  
  138  20:01  Stalker x3  
  142  20:09  Probe x3  
  130  20:39  Probe x2  
  130  20:40  Probe x2  
  130  20:46  Zealot x6  
  141  21:06  Zealot x2  
  141  21:07  Zealot x2  
  149  21:20  Zealot x4  
  157  21:34  Zealot  
  132  21:54  Robotics Bay  
  132  21:57  Dark Templar x2  
  98  22:09  Zealot x3  
  98  22:10  Zealot x5  
  110  22:25  Robotics Facility  
  110  22:30  Assimilator  
  110  22:34  Assimilator  
  94  22:38  Disruptor  
  89  22:52  Zealot x7  
  101  23:09  Nexus  
  95  23:20  Stalker  
  95  23:21  Stalker  
  93  23:27  Disruptor  
  93  23:28  Probe x3  
  94  23:41  Probe x2  
  86  24:00  Stalker x3  
  91  24:09  Nexus  
  65  24:28  Zealot x5  
Show
View Real Time Build Order
Export as new Build Order

Vindicta Terran - Winner!

Build Orders: Reaper Expand 

Get SALT Encoding   

  12  0:00  SCV  
  13  0:13  SCV  
  14  0:18  Supply Depot  
  14  0:25  SCV  
  15  0:40  SCV  
  15  0:42  Barracks  
  16  0:47  Refinery  
  16  0:52  SCV  
  17  1:04  SCV  
  18  1:16  SCV  
  19  1:29  Orbital Command  
  19  1:31  Reaper  
  20  1:43  Command Center  
  20  1:54  Supply Depot  
  20  1:55  SCV  
  21  2:02  Marine  
  21  2:08  SCV  
  23  2:11  Factory  
  23  2:18  Bunker  
  23  2:21  SCV  
  24  2:26  Barracks Reactor  
  24  2:30  Refinery  
  24  2:33  SCV  
  25  2:45  SCV  
  26  2:56  Orbital Command  
  26  2:57  SCV  
  29  3:03  Starport  
  29  3:04  Marine  
  27  3:05  Factory Tech Lab  
  27  3:09  SCV  
  27  3:10  Marine  
  29  3:21  SCV x2  
  29  3:22  Marine  
  29  3:24  Barracks  
  32  3:33  SCV, Factory Tech Lab  
  32  3:34  SCV, Marine  
  34  3:40  Marine  
  36  3:45  SCV, Raven  
  36  3:47  Barracks  
  39  3:49  SCV  
  39  3:52  Supply Depot  
  40  3:57  SCV  
  40  3:59  Marine x2  
  40  4:01  SCV  
  44  4:09  SCV  
  45  4:12  Supply Depot  
  45  4:14  Siege Tank  
  45  4:16  SCV  
  49  4:17  Marine x2  
  49  4:21  SCV  
  49  4:22  Supply Depot  
  52  4:24  Engineering Bay  
  52  4:26  Refinery  
  52  4:32  SCV  
  52  4:33  SCV  
  52  4:35  Marine x2  
  52  4:36  Stimpack  
  56  4:40  Marauder  
  56  4:41  Barracks Tech Lab  
  56  4:44  SCV  
  59  4:46  SCV, Refinery  
  60  4:55  Marine x2  
  60  4:56  Siege Tank  
  60  4:57  SCV  
  60  4:58  SCV  
  66  5:02  Supply Depot  
  66  5:09  SCV, Marine  
  66  5:10  Marauder  
  66  5:12  Marine  
  70  5:16  Supply Depot  
  70  5:22  Combat Shield  
  70  5:23  Medivac, Bunker, Marine  
  70  5:25  SCV  
  70  5:28  SCV  
  75  5:31  Marauder  
  75  5:36  Siege Tank  
  75  5:40  Marauder  
  75  5:41  Marine  
  80  5:48  Supply Depot, Refinery  
  80  5:49  Terran Infantry Weapons Level 1, Marine  
  79  5:56  Starport Reactor  
  80  6:05  Marauder, Marine  
  80  6:07  Barracks  
  80  6:08  Barracks  
  83  6:11  Marauder  
  83  6:17  Factory Reactor  
  85  6:18  Concussive Shells  
  85  6:19  Supply Depot, Marine  
  86  6:27  Marauder  
  88  6:34  Marine  
  88  6:35  Marauder  
  89  6:40  Medivac  
  89  6:43  Marine  
  88  6:52  Medivac  
  88  6:53  SCV x2  
  92  6:54  Factory Tech Lab  
  92  6:55  Factory Reactor  
  92  7:00  Command Center  
  92  7:01  Marine  
  92  7:02  Supply Depot, Marine  
  92  7:08  Marauder  
  93  7:09  Barracks Reactor  
  93  7:10  Medivac  
  93  7:11  SCV x2  
  93  7:13  Marine  
  97  7:19  Marine  
  100  7:25  SCV  
  100  7:29  Marauder  
  101  7:31  Missile Turret  
  101  7:32  Missile Turret  
  101  7:34  Marauder, Marine x2  
  101  7:36  SCV, Marine  
  95  7:40  Widow Mine  
  95  7:42  Widow Mine  
  97  7:45  Marine  
  97  7:47  Marine  
  95  7:54  SCV  
  95  7:57  Marine  
  93  8:03  Widow Mine  
  93  8:05  Terran Infantry Armor Level 1  
  90  8:06  SCV  
  90  8:08  Marine  
  90  8:10  Medivac x2  
  94  8:13  Marine  
  94  8:16  Orbital Command  
  94  8:18  Marine  
  96  8:20  SCV  
  96  8:23  Widow Mine  
  98  8:31  SCV  
  98  8:32  SCV  
  98  8:34  Marauder  
  100  8:36  Marine x2  
  100  8:40  Ghost Academy  
  102  8:43  SCV  
  102  8:45  Marine  
  102  8:46  Marauder  
  107  8:50  Missile Turret  
  107  8:52  Medivac, Widow Mine  
  107  8:54  Widow Mine  
  107  8:55  Orbital Command  
  113  8:56  SCV  
  113  8:57  SCV  
  113  8:59  Marine  
  107  9:11  Ghost  
  107  9:12  Ghost  
  107  9:14  Marauder  
  110  9:19  Enhanced Shockwaves  
  110  9:21  SCV x2  
  110  9:22  SCV  
  111  9:33  SCV x2  
  111  9:34  SCV  
  111  9:36  Marauder, Marine x2  
  111  9:37  Widow Mine x2  
  120  9:39  Ghost  
  120  9:41  Supply Depot  
  120  9:43  Supply Depot, Refinery  
  120  9:45  SCV, Refinery  
  123  9:49  Supply Depot, Medivac  
  125  9:55  Supply Depot  
  125  9:58  Supply Depot  
  125  10:02  Medivac, Marine  
  125  10:03  Marauder  
  125  10:04  Supply Depot  
  129  10:12  Marine  
  129  10:13  Marauder  
  127  10:14  Widow Mine  
  127  10:16  Widow Mine  
  127  10:19  Medivac, Marine  
  132  10:24  Marine x2  
  132  10:25  Marauder  
  129  10:33  Marine  
  129  10:34  Marauder  
  128  10:36  Widow Mine  
  128  10:38  Widow Mine  
  128  10:39  Medivac  
  128  10:40  Marine x2  
  128  10:42  SCV x2  
  137  10:48  Marine  
  137  10:49  Medivac, Marauder  
  141  10:51  Marine  
  141  10:52  Marine  
  141  10:55  Marauder  
  145  10:57  Marine  
  145  10:59  Marine  
  144  11:07  Marine  
  144  11:08  Marine  
  144  11:10  Marine  
  144  11:16  Ghost  
  144  11:23  Command Center  
  140  11:30  Marine x2  
  140  11:33  Marine  
  140  11:36  Marine  
  140  11:39  Ghost  
  140  11:41  Marine  
  140  11:45  Marine  
  140  11:47  Marine  
  140  11:52  Orbital Command  
  139  11:57  Marine  
  139  11:59  Marine  
  133  12:13  Ghost  
  124  12:28  Ghost  
  124  12:29  Marine  
  126  12:38  Orbital Command  
  126  12:41  Marauder, Marine  
  129  12:50  Marauder, Marine x2  
  133  12:54  Marine  
  133  12:55  SCV  
  133  12:56  Marine  
  132  12:59  Marine  
  132  13:02  Marine  
  132  13:04  Widow Mine  
  132  13:05  Widow Mine  
  133  13:08  Marine x2  
  133  13:11  Marine  
  136  13:13  Supply Depot  
  136  13:15  Marauder  
  126  13:21  Marine  
  126  13:24  Marauder  
  126  13:26  Widow Mine  
  120  13:30  Marauder  
  120  13:33  Marine, Widow Mine  
  112  13:34  Marine x2  
  112  13:36  Marauder  
  112  13:37  Liberator x2  
  112  13:38  Marine  
  121  13:42  Orbital Command  
  121  13:43  Missile Turret  
  121  13:45  Marauder  
  123  13:50  Marine  
  123  13:54  Missile Turret  
  123  13:58  Marauder  
  119  14:05  SCV  
  119  14:06  Ghost  
  119  14:08  Missile Turret  
  121  14:12  SCV x2  
  122  14:18  SCV  
  122  14:20  Medivac, Ghost  
  127  14:31  Marauder, Marine x3  
  131  14:34  Marine  
  131  14:35  Marauder  
  135  14:42  Refinery  
  135  14:48  Marine x2  
  135  14:49  Marine x2  
  135  14:52  Marine x2  
  141  14:56  Marine  
  142  15:05  Widow Mine x2  
  142  15:06  Marine x3  
  142  15:07  Marine  
  149  15:09  Marine  
  146  15:15  Marine  
  146  15:16  Marauder  
  146  15:27  Widow Mine  
  147  15:28  Marine x2  
  147  15:29  Marauder  
  147  15:33  Supply Depot  
  147  15:34  Marauder  
  151  15:37  Marauder  
  151  15:39  Marine x2  
  151  15:42  Sensor Tower  
  151  15:46  Marine  
  151  15:49  Ghost  
  152  15:52  Marine  
  152  15:53  Medivac  
  157  16:00  Marauder  
  161  16:05  Marine  
  161  16:07  Ghost  
  162  16:18  Ghost  
  162  16:21  Ghost  
  166  16:32  Marine x2  
  140  16:35  Ghost, Marine  
  140  16:36  Marine  
  107  16:47  Marauder  
  107  16:49  Marine  
  107  16:50  Ghost, Marine  
  107  16:53  Marine x2  
  110  17:04  Marine  
  110  17:07  Marine  
  103  17:09  Marauder  
  92  17:19  Marine  
  92  17:20  Marauder, Marine  
  82  17:22  Marauder  
  78  17:30  Marauder  
  78  17:32  Marine  
  78  17:33  Orbital Command  
  77  17:41  Marauder  
  77  17:43  Marine  
  82  17:50  Widow Mine  
  84  17:53  Marauder  
  86  18:00  Marine  
  86  18:03  Liberator  
  86  18:04  Marauder  
  88  18:09  SCV  
  92  18:13  Marauder  
  92  18:15  Marine x4  
  96  18:20  Marine  
  96  18:23  Widow Mine  
  98  18:30  Widow Mine  
  98  18:31  SCV x2  
  98  18:32  Marine  
  98  18:33  Marine  
  104  18:35  Marine x3  
  104  18:36  Marauder  
  104  18:38  Marine  
  108  18:41  Liberator  
  108  18:45  Liberator  
  113  18:50  Marine  
  113  18:52  Marine  
  113  18:54  Marauder x2  
  117  19:02  SCV  
  114  19:06  Ghost  
  111  19:14  Ghost, Marine x2  
  115  19:17  Marine x2  
  115  19:19  Marine  
  114  19:32  Marine x2  
  114  19:35  Marauder, Marine x2  
  114  19:37  SCV, Marine  
  122  19:43  Marine  
  123  19:50  Marine x2  
  125  19:53  Marine x2  
  125  19:55  Marine  
  125  19:56  Marine  
  129  20:01  Marine  
  127  20:07  Marine  
  127  20:09  Marine  
  127  20:11  Marine  
  127  20:12  Marine  
  130  20:14  Marauder  
  130  20:17  Orbital Command, Refinery  
  130  20:18  Refinery  
  130  20:19  Marine  
  130  20:20  Marine  
  132  20:27  Widow Mine  
  134  20:33  Sensor Tower  
  134  20:35  Marine  
  135  20:36  Marine  
  135  20:39  Marine  
  134  20:45  Marine  
  134  20:47  Medivac  
  137  20:50  Marine  
  137  20:51  Marine  
  137  21:01  Ghost  
  139  21:05  Marine  
  139  21:07  Marine  
  139  21:09  Marauder, Marine  
  140  21:15  Widow Mine  
  142  21:18  Sensor Tower  
  142  21:20  Widow Mine  
  142  21:22  Marine  
  142  21:24  Marine  
  146  21:27  Marine x2  
  146  21:31  SCV  
  149  21:40  Marine  
  149  21:41  Marauder  
  149  21:45  Orbital Command  
  141  21:54  Marine  
  141  21:55  Liberator  
  139  22:08  Marauder  
  125  22:09  Marine x2  
  125  22:10  Marine  
  128  22:16  Widow Mine  
  128  22:18  Marine  
  128  22:21  Orbital Command, Marine  
  132  22:26  Marine  
  132  22:27  Marine  
  130  22:39  Marine  
  130  22:40  Marauder  
  132  22:52  Missile Turret  
  132  22:56  Marine  
  132  22:58  Marine  
  133  23:03  Marauder, Marine  
  133  23:07  SCV  
  134  23:14  Marine  
  134  23:16  Widow Mine  
  134  23:21  Medivac, Marine, Sensor Tower  
  134  23:23  Marine  
  134  23:25  Marine  
  138  23:31  Marine  
  138  23:33  Marine  
  135  23:39  Marauder, Marine  
  135  23:40  Marine  
  138  23:43  Marine  
  138  23:47  Marine  
  137  23:50  Widow Mine  
  137  23:52  Marine  
  137  23:54  Marauder  
  142  24:00  Medivac x2  
  146  24:03  Marine  
  146  24:09  Marine  
  150  24:10  Marauder  
  150  24:11  Marine  
  150  24:14  Widow Mine  
  139  24:27  Marauder, Marine, Widow Mine  
  139  24:29  Marine  
Tags
 
Add a new tag
Caveats
  • Supply blocks, unpowered buildings, or Contaminate may cause inaccurate times.
  • Supply counts are checked every 10 seconds.